Dungeon Sprint DCSS version 0.23-a0-396-g5214e5f (webtiles) character file.

14800000 namelastname112 the Conqueror (level 27, -107/242 (249) HPs) Began as a Demonspawn Monk on Nov 2, 2018. Was the Champion of Makhleb. Annihilated by a fleshlord ... wielding a +9 great mace (215 damage) ... in the Dungeon (Sprint VIII: "Arena of Blood"). The game lasted 00:03:26 (148 turns). namelastname112 the Conqueror (Demonspawn Monk) Turns: 148, Time: 00:03:26 HP: -107/242 (249)AC: 4 Str: 18 XL: 27 MP: 54/54 EV: 49 Int: 13 God: Makhleb [******] Gold: 0 SH: 0 Dex: 31 Spells: 80/80 levels left rFire + . . SeeInvis . i - +∞ Axe of Woe rCold . . . Gourm . (shield currently unavailable) rNeg + . . Faith . a - +0 robe rPois . Spirit . (no helmet) rElec . Reflect . (no cloak) rCorr . Harm . (no gloves) MR ++... NoTele + (boots unavailable) Stlth ++++++++++ (no amulet) HPRegen 0.00/turn (no ring) MPRegen 0.34/turn (no ring) @: mighty, agile, lethally poisoned (-107 -> -112), non-regenerating, mildly diseased, slowed, repel missiles, very slow A: hooves 3, repulsion field 3, fire resistance 1, ignite blood, negative energy resistance 1, powered by pain 3, 50% torment resistance, black mark, flame cloud immunity a: Minor Destruction, Lesser Servant of Makhleb, Major Destruction, Greater Servant of Makhleb, Renounce Religion You were in the Dungeon. You worshipped Makhleb. Makhleb was exalted by your worship. You were not hungry. You visited 1 branch

Inventory:

Hand Weapons
 i - the +∞ Axe of Woe (weapon)
   (You found it in the Dungeon)
Armour
 a - a +0 robe (worn)
Scrolls
 h - a scroll of blinking
Potions
 c - a potion of curing
 d - a potion of heal wounds
 e - a potion of haste
 f - 2 potions of magic
 g - a potion of berserk rage
Comestibles
 b - a ration


   Skills:
 O Level 27 Fighting
 O Level 27 Axes
 O Level 27 Throwing
 O Level 27 Armour
 O Level 27 Dodging
 O Level 27 Stealth
 O Level 27 Unarmed Combat
 O Level 27 Spellcasting
 O Level 27 Invocations


You had 80 spell levels left.
You didn't know any spells.
Your spell library was empty.

Dungeon Overview and Level Annotations

Branches:
Dungeon (1/1)

Altars:
Makhleb

Annotations:
D The Meatlord


Innate Abilities, Weirdness & Mutations

You have hooves in place of feet.
You are surrounded by a strong repulsion field. (EV +4, RMsl)
Your flesh is heat resistant. (rF+)
Your demonic aura causes spilled blood to erupt in flames.
You resist negative energy. (rN+)
You are powered by pain.
You are somewhat able to resist unholy torments (1 in 2 success).
Your melee attacks may debilitate your foes.
You are immune to clouds of flame.


Message History

You destroy the large abomination!
Makhleb accepts your kill.
You feel sick.
You hear a shout!
The meat berserker is engulfed in blazing flames.
The meat berserker rages.
A meat berserker comes into view. It is wielding a +9 battleaxe.
You hear a shout!
The tyrant waves its bony arms in wide circles.
The air twists around and strikes you!
The tyrant casts a spell.
The Meatlord waves its arms in wide circles.
The air twists around and strikes you!
You focus on the pain.
You feel mightier all of a sudden. Something completely misses you.
The meat berserker is engulfed in blazing flames.
The meat berserker hits you with a +9 battleaxe!!!
The fleshlord hits you with a +9 great mace!!!!!
Ouch! That really hurt!
You die... .... o... ........... ..X...%.. #.....%%# .. #..X .%.# .. ..X###L.. §..###.o. ...OXX.&###)...O... #XX{XLOzO@pSX......

..XXo#)§§§)#L....
.X. #_XX§§# ...
.....#)x)))#.....
.....%)_)p.%.SS.
.....%###%......
o.###.%. ...###..
. #%.. ...# .
#%.. .S.#


You could see The Meatlord, 5 tentacled monstrosities, 3 tyrants, a scourge, 2
fleshlords, a sculptor of flesh, a large bag of meat (inner flame), 6 large
abominations, 3 meat berserkers, a bag of meat and a crawling corpse.

Vanquished Creatures
  A hell knight (D)
  Sigmund (D)
  7 hell beasts (D)
  Edmund (D)
  9 greater mummies (D)
  7 great orbs of eyes (D)
  3 wraiths (D)
  Harold (D)
  19 vampire knights (D)
  41 ogres (D)
  9 two-headed ogres (D)
  3 liches (D)
  2 hydras (D)
  88 orcs (D)
  6 phantoms (D)
  4 skeletal warriors (D)
  4 sea snakes (D)
  10 large abominations (D)
  5 small abominations (D)
  19 crawling corpses (D)
240 creatures vanquished.

Vanquished Creatures (others)
  5 crawling corpses (D)
5 creatures vanquished.

Grand Total: 245 creatures vanquished

Notes
Turn   | Place    | Note
-------+----------+-------------------------------------------
     0 | D        | Found the +∞ Axe of Woe
     0 | D        | namelastname112 the Demonspawn Monk began the quest for the
                  | Orb.
     0 | D        | Reached XP level 1. HP: 18/18 MP: 1/1
     2 | D        | Noticed a bag of meat
     2 | D        | Noticed a bag of meat
     2 | D        | Noticed a bag of meat
     4 | D        | Became a worshipper of Makhleb the Destroyer
     4 | D        | Reached * piety under Makhleb
     4 | D        | Reached ** piety under Makhleb
     7 | D        | Killed a bag of meat
     7 | D        | Reached skill level 15 in Dodging
     7 | D        | Reached skill level 15 in Unarmed Combat
     7 | D        | Gained mutation: You sometimes gain a little power by
                  | taking damage. [demonic ancestry]
     7 | D        | Reached XP level 2. HP: 46/46 MP: 2/2
     7 | D        | Reached XP level 3. HP: 52/52 MP: 3/3
     7 | D        | Reached XP level 4. HP: 59/59 MP: 4/4
     7 | D        | Reached XP level 5. HP: 65/65 MP: 5/5
     7 | D        | Reached XP level 6. HP: 72/72 MP: 6/6
     7 | D        | Gained mutation: You have large cloven feet. [demonic
                  | ancestry]
     7 | D        | Reached XP level 7. HP: 79/79 MP: 7/7
     7 | D        | Gained mutation: You are surrounded by a mild repulsion
                  | field. (EV +2) [demonic ancestry]
     7 | D        | Reached XP level 8. HP: 86/86 MP: 8/8
     7 | D        | Gained mutation: You are surrounded by a moderate repulsion
                  | field. (EV +3) [demonic ancestry]
     7 | D        | Reached XP level 9. HP: 92/92 MP: 9/9
     7 | D        | Gained mutation: You have hoof-like feet. [demonic
                  | ancestry]
     7 | D        | Reached XP level 10. HP: 99/99 MP: 10/10
     7 | D        | Gained mutation: You are surrounded by a strong repulsion
                  | field. (EV +4, RMsl) [demonic ancestry]
     7 | D        | Reached XP level 11. HP: 105/105 MP: 11/11
     7 | D        | Noticed a meat berserker
     7 | D        | Noticed a bag of meat
     8 | D        | Killed a bag of meat
     8 | D        | Gained mutation: You have hooves in place of feet. [demonic
                  | ancestry]
     8 | D        | Reached XP level 12. HP: 117/117 MP: 12/12
     8 | D        | Noticed a bag of meat
     9 | D        | Killed a bag of meat
     9 | D        | Gained mutation: Your flesh is heat resistant. (rF+)
                  | [demonic ancestry]
     9 | D        | Reached XP level 13. HP: 127/127 MP: 13/13
     9 | D        | Noticed a meat berserker
     9 | D        | HP: 5/127 [bag of meat/+9 war axe (39)]
    10 | D        | Killed a meat berserker
    10 | D        | Reached *** piety under Makhleb
    10 | D        | Gained mutation: You are immune to clouds of flame.
                  | [demonic ancestry]
    10 | D        | Reached XP level 14. HP: 113/141 MP: 14/14
    10 | D        | Killed a bag of meat
    10 | D        | Reached skill level 10 in Stealth
    10 | D        | Reached XP level 15. HP: 150/150 MP: 15/15
    11 | D        | Noticed a meat berserker
    12 | D        | Killed a meat berserker
    15 | D        | Killed a meat berserker
    15 | D        | Reached **** piety under Makhleb
    15 | D        | Reached XP level 16. HP: 166/166 MP: 16/16
    16 | D        | Noticed a meat berserker
    17 | D        | Reached skill level 27 in Fighting
    17 | D        | Noticed a meat berserker
    17 | D        | Noticed a meat berserker
    18 | D        | Reached skill level 15 in Axes
    18 | D        | Reached XP level 17. HP: 174/174 MP: 17/17
    18 | D        | Noticed a large bag of meat
    18 | D        | Noticed a large bag of meat
    19 | D        | Reached ***** piety under Makhleb
    19 | D        | Killed a meat berserker
    19 | D        | Reached skill level 27 in Dodging
    19 | D        | Reached skill level 27 in Unarmed Combat
    19 | D        | Gained mutation: You sometimes gain power by taking damage.
                  | [demonic ancestry]
    19 | D        | Reached XP level 18. HP: 182/182 MP: 18/18
    19 | D        | Noticed a meat berserker
    20 | D        | Noticed a meat berserker
    20 | D        | Reached skill level 15 in Stealth
    21 | D        | Killed a meat berserker
    21 | D        | Reached skill level 27 in Axes
    22 | D        | Killed a large bag of meat
    22 | D        | Reached XP level 19. HP: 189/189 MP: 19/19
    22 | D        | Killed a meat berserker
    22 | D        | Reached skill level 27 in Stealth
    22 | D        | Killed a large bag of meat
    23 | D        | Noticed a meat berserker
    24 | D        | Reached ****** piety under Makhleb
    24 | D        | Reached XP level 20. HP: 197/197 MP: 19/37
    25 | D        | Killed a meat berserker
    26 | D        | Killed a meat berserker
    26 | D        | Noticed a large bag of meat
    27 | D        | Killed a meat berserker
    27 | D        | Reached skill level 27 in Invocations
    27 | D        | Gained mutation: Your demonic aura causes spilled blood to
                  | erupt in flames. [demonic ancestry]
    27 | D        | Reached XP level 21. HP: 153/204 MP: 19/45
    30 | D        | Noticed a destroyer
    33 | D        | Gained mutation: You resist negative energy. (rN+) [demonic
                  | ancestry]
    33 | D        | Reached XP level 22. HP: 212/212 MP: 21/50
    33 | D        | Killed a destroyer
    33 | D        | Noticed a large bag of meat
    33 | D        | Noticed a destroyer
    34 | D        | Reached skill level 27 in Throwing
    34 | D        | Reached skill level 27 in Armour
    34 | D        | Reached skill level 27 in Spellcasting
    34 | D        | Noticed a destroyer
    36 | D        | Killed a destroyer
    36 | D        | Reached XP level 23. HP: 219/219 MP: 22/54
    37 | D        | Noticed a large bag of meat
    38 | D        | Killed a destroyer
    38 | D        | Killed a large bag of meat
    38 | D        | Gained mutation: You are powered by pain. [demonic
                  | ancestry]
    38 | D        | Reached XP level 24. HP: 198/227 MP: 22/54
    41 | D        | Noticed an accursed
    42 | D        | Noticed a destroyer
    44 | D        | Noticed an accursed
    44 | D        | Noticed a destroyer
    45 | D        | Killed a large bag of meat
    47 | D        | Reached XP level 25. HP: 234/234 MP: 44/54
    47 | D        | Killed a large bag of meat
    49 | D        | Killed a destroyer
    51 | D        | Noticed an accursed
    52 | D        | Gained mutation: You are somewhat able to resist unholy
                  | torments (1 in 2 success). [demonic ancestry]
    52 | D        | Reached XP level 26. HP: 229/242 MP: 54/54
    53 | D        | Noticed a destroyer
    54 | D        | Killed a destroyer
    56 | D        | Killed an accursed
    56 | D        | Gained mutation: Your melee attacks may debilitate your
                  | foes. [demonic ancestry]
    56 | D        | Reached XP level 27. HP: 246/246 MP: 54/54
    57 | D        | Noticed a destroyer
    57 | D        | Noticed a destroyer
    58 | D        | Noticed a destroyer
    59 | D        | Noticed an accursed
    60 | D        | Killed an accursed
    60 | D        | Noticed a destroyer
    61 | D        | Noticed an accursed
    62 | D        | Killed a destroyer
    64 | D        | Killed a destroyer
    65 | D        | Killed a destroyer
    66 | D        | Killed a destroyer
    67 | D        | Noticed a destroyer
    67 | D        | Noticed a destroyer
    69 | D        | Killed an accursed
    69 | D        | Killed a destroyer
    69 | D        | Killed an accursed
    70 | D        | TheNamelessOne: хороший сет
    70 | D        | namelastname112: жаль без найтсталкера
    72 | D        | Noticed a meat beast
    72 | D        | Noticed a destroyer
    73 | D        | Killed an accursed
    73 | D        | Noticed a destroyer
    76 | D        | Killed a destroyer
    77 | D        | Killed a destroyer
    78 | D        | Killed a meat beast
    78 | D        | Noticed a destroyer
    78 | D        | Noticed a destroyer
    79 | D        | Noticed a meat beast
    81 | D        | Killed a destroyer
    81 | D        | Killed a destroyer
    84 | D        | Noticed a large bag of meat
    87 | D        | Noticed an accursed
    88 | D        | Killed a destroyer
    89 | D        | Killed a meat beast
    90 | D        | Killed a destroyer
    93 | D        | Noticed an accursed
    94 | D        | Killed a large bag of meat
    94 | D        | Noticed a meat beast
    94 | D        | Noticed a large bag of meat
    96 | D        | Killed a meat beast
    97 | D        | Noticed a large bag of meat
    97 | D        | Noticed The Servant
    98 | D        | Killed an accursed
    98 | D        | Noticed a meat beast
    99 | D        | Noticed a tyrant
   102 | D        | Noticed an accursed
   105 | D        | Noticed a tyrant
   105 | D        | Noticed a dread
   106 | D        | Noticed a large bag of meat
   106 | D        | Killed The Servant
   107 | D        | Killed a large bag of meat
   107 | D        | Noticed a tyrant
   108 | D        | Killed a meat beast
   110 | D        | Killed an accursed
   111 | D        | Noticed an accursed
   112 | D        | Killed a dread
   112 | D        | Killed a tyrant
   112 | D        | Killed a tyrant
   113 | D        | Noticed The Defiler
   113 | D        | Noticed a dread
   115 | D        | Noticed The Captor
   116 | D        | Noticed a large bag of meat
   117 | D        | Noticed a fleshlord
   118 | D        | Noticed a meat beast
   118 | D        | Noticed a dread
   119 | D        | Killed a large bag of meat
   121 | D        | Killed The Defiler
   121 | D        | Noticed a large bag of meat
   122 | D        | Noticed a destroyer
   125 | D        | Noticed a meat beast
   125 | D        | Killed a fleshlord
   125 | D        | Killed a meat beast
   125 | D        | Noticed a meat beast
   125 | D        | Noticed a destroyer
   126 | D        | Killed a dread
   128 | D        | Killed a meat beast
   129 | D        | Noticed a tyrant
   130 | D        | Killed a meat beast
   131 | D        | Killed an accursed
   131 | D        | Killed a destroyer
   131 | D        | Killed a dread
   131 | D        | Killed a destroyer
   132 | D        | Killed a large bag of meat
   132 | D        | Noticed a tyrant
   134 | D        | Killed a tyrant
   134 | D        | Noticed an accursed
   138 | D        | Killed The Captor
   141 | D        | Noticed The Meatlord
   142 | D        | Noticed a tyrant
   144 | D        | Noticed a destroyer
   144 | D        | Noticed a fleshlord
   145 | D        | Killed an accursed
   147 | D        | Killed a destroyer
   147 | D        | Noticed a fleshlord
   148 | D        | Annihilated by a fleshlord

Vault maps used:
D:        meatsprint

Skill      XL: |  1  2  3  4  5  6  7  8  9 10 11 12 13 14 15 16 17 18 19 20 21 22 |
---------------+-------------------------------------------------------------------+-----
Fighting       | 16 18 20 22 23 26 27 | 27.0
Dodging        | 15 17 18 20 21 23 25 27 | 27.0
Stealth        | 7 8 9 10 11 12 14 25 27 | 27.0
Unarmed Combat | 15 17 18 20 21 23 25 27 | 27.0
Axes           | 2 3 7 8 13 15 22 27 | 27.0
Throwing       | 13 20 24 27 | 27.0
Armour         | 13 20 24 27 | 27.0
Spellcasting   | 13 20 24 27 | 27.0
Invocations    | 18 27 | 27.0

Action                   |  1- 3 |  4- 6 |  7- 9 | 10-12 | 13-15 | 16-18 | 19-21 | 22-24 | 25-27 || total
-------------------------+-------+-------+-------+-------+-------+-------+-------+-------+-------++-------
Melee: Executioner's axe |     1 |       |       |     2 |     3 |     6 |     9 |    11 |    82 ||   114
Armor: Robe              |       |       |       |       |       |       |       |       |     2 ||     2
Dodge: Dodged            |       |       |       |       |     1 |     1 |       |     3 |    22 ||    27
       Deflected         |       |       |       |       |       |       |       |       |     2 ||     2

Table legend:
 A = Non-vault XP
 B = Vault XP
 C = Vault XP percentage of total XP
 D = Non-vault monster count
 E = Vault monster count
 F = Vault count percentage of total count
                 A         B        C        D         E       F
            +---------+---------+-------+---------+---------+-------
      Total | 5476726 | 2083913 |  27.6 |     120 |     101 |  45.7
            +---------+---------+-------+---------+---------+-------
          D | 5476726 | 2083913 |  27.6 |     120 |     101 |  45.7
            +---------+---------+-------+---------+---------+-------
